 Dungeon Crawl Stone Soup version 0.29-a0-222-g5b244fca1f (webtiles) character file.

Game seed: 5673183404602618093

1305 bande the Covered (level 8, -9/49 HPs)
             Began as a Gargoyle Fighter on Feb 27, 2022.
             Was a Believer of Okawaru.
             Mangled by a vampire (11 damage)
             ... on level 6 of the Dungeon.
             The game lasted 00:10:58 (9037 turns).

bande the Covered (Gargoyle Fighter)                Turns: 9037, Time: 00:10:58

Health: -9/49      AC: 11    Str: 23    XL:     8   Next: 57%
Magic:  10/10      EV: 11    Int:  8    God:    Okawaru [**....]
Gold:   297        SH:  5    Dex:  9    Spells: 7/7 levels left

rFire   + . .      SeeInvis .   b - +1 war axe (flame)
rCold   . . .      Faith    .   c - +1 buckler
rNeg    + . .      Spirit   .   r - +0 chain mail
rPois   ∞          Reflect  .   (no helmet)
rElec   +          Harm     .   (no cloak)
rCorr   .          Rampage  .   (no gloves)
Will    .....      Rage     1%  (no boots)
Stlth   ..........              (no amulet)
HPRegen 0.16/turn               f - ring of protection from fire
MPRegen 0.12/turn               p - +4 ring of evasion

@: mighty
A: sickness immunity, AC +5, negative energy resistance 1, electricity
resistance, torment resistance 1, petrification resistance, berserk 1, clumsy 1,
deformed body, strong 1
a: Renounce Religion, Heroism


You were on level 6 of the Dungeon.
You worshipped Okawaru.
Okawaru was pleased with you.
You visited 2 branches of the dungeon, and saw 7 of its levels.

You collected 297 gold pieces.

Inventory:

Hand Weapons
 a - a +1 war axe
 b - a +1 war axe of flaming (weapon)
Armour
 c - a +1 buckler (worn)
 r - a +0 chain mail (worn)
Jewellery
 f - a ring of protection from fire (left hand)
 n - a ring of flight
 p - a +4 ring of evasion (right hand)
 q - a ring of wizardry
Scrolls
 g - 2 scrolls of fear
 i - a scroll of amnesia
 k - a scroll of teleportation
 l - a scroll of enchant armour
 m - 2 scrolls of identify
Potions
 d - 4 potions of might
 h - 2 potions of brilliance
 o - 2 potions of curing


   Skills:
 + Level 5.0 Fighting
 + Level 6.2 Axes
 + Level 6.2 Armour
 - Level 0.4 Stealth
 + Level 5.0 Shields
 * Level 3.2 Invocations


You had 7 spell levels left.
You didn't know any spells.
Your spell library contained the following spells:

 Spells                   Type           Power      Damage    Failure   Level
 Slow                     Hex            0%         N/A       98%         1
 Sting                    Tmut/Pois      0%         1d3       98%         1
 Poisonous Vapours        Pois/Air       0%         N/A       99%         2
 Wereblood                Tmut           0%         N/A       99%         2
 Confusing Touch          Hex            0%         N/A       100%        3
 Frozen Ramparts          Ice            0%         1d2       100%        3
 Portal Projectile        Hex/Tloc       0%         N/A       100%        3
 Vampiric Draining        Necr           0%         2d6       100%        3
 Ice Form                 Ice/Tmut       0%         N/A       100%        4
 Leda's Liquefaction      Hex/Erth       0%         N/A       100%        4
 Olgreb's Toxic Radiance  Pois           0%         N/A       100%        4
 Sublimation of Blood     Necr           Unusable   N/A       N/A         2
 Call Canine Familiar     Summ           Unusable   N/A       N/A         3
 Summon Ice Beast         Ice/Summ       Unusable   N/A       N/A         4
 Summon Hydra             Summ           Unusable   N/A       N/A         7

Dungeon Overview and Level Annotations

Branches:
Dungeon (6/15)             Temple (1/1) D:4

Altars:
Ashenzari
Cheibriados
Elyvilon
Gozag
Hepliaklqana
Kikubaaqudgha
Makhleb
Nemelex Xobeh
Okawaru
Qazlal
Ru
Sif Muna
Trog
Uskayaw
Vehumet
Wu Jian
Xom
Zin
The Shining One


Innate Abilities, Weirdness & Mutations

You are immune to sickness and miasma.
Your stone body is resilient. (AC +5)
You are immune to poison.
You resist negative energy. (rN+)
You are resistant to electric shocks. (rElec)
You are resistant to unholy torment.
You are immune to petrification.
You tend to lose your temper in combat.
You are clumsy. (Dex -2)
Armour fits poorly on your strangely shaped body.
Your muscles are strong. (Str +2)


Message History

The vampire bites you!
You slash the vampire! You burn the vampire.
The vampire is heavily damaged.
The vampire mumbles some strange words.
The vampire flickers and vanishes!
Deactivating autopickup; reactivate with Ctrl-A.
No target in view!
No target in view!
No target in view!
You feel very mighty all of a sudden. Something hits you but does no damage.
Something bites you but does no damage.
You barely miss something. Something hits you but does no damage.
Something bites you but does no damage.
You barely miss something. Something hits you. Something bites you!
Something hits you! Something bites you.
* * * LOW HITPOINT WARNING * * *
You barely miss something. Something hits you.
* * * LOW HITPOINT WARNING * * *
Something bites you but does no damage.
You closely miss something. Something hits you.
* * * LOW HITPOINT WARNING * * *
Something bites you but does no damage.
You completely miss something. Something hits you.
* * * LOW HITPOINT WARNING * * *
Something barely misses you.
Unknown command.
You are confused.
You feel invigorated. Something hits you but does no damage.
Something bites you but does no damage.
You feel less invigorated.
You feel less confused.
You slash something! You burn something. Something hits you.
Something bites you!
* * * LOW HITPOINT WARNING * * *
You completely miss something. Something hits you but does no damage.
You block something's attack.
You closely miss something. Something hits you!
* * * LOW HITPOINT WARNING * * *
Something bites you but does no damage. Something hits you!
You die...

####.#....###...#. .#
.....#######....#.###.#
....## ###.....#.....#
....#####....#.. ..#..
#............#.###.#.###.#
#########....#.....#.....#.
###......†.........
##...............
#...###@{....#.##. ....###
######....# #### .##.. ##
.. .


There were no monsters in sight!

Vanquished Creatures
  2 black bears
  An ice beast (D:5)
  An ogre (D:5)
  A centaur (D:5)
  2 phantoms (D:5)
  2 scorpions
  A howler monkey (D:4)
  2 hounds (D:5)
  A jelly (D:5)
  6 iguanas
  Natasha (twice) (D:3)
  7 gnolls
  5 adders
  3 ufetubi
  2 worms
  2 dart slugs
  12 orcs
  4 endoplasms
  5 giant cockroaches
  12 hobgoblins
  14 jackals
  2 quokkas (D:4)
  6 ball pythons
  5 bats
  6 frilled lizards
  16 goblins
  12 kobolds
  6 rats
140 creatures vanquished.

Vanquished Creatures (others)
  5 plants (D:5)
5 creatures vanquished.

Grand Total: 145 creatures vanquished

Notes
Turn   | Place    | Note
-------+----------+-------------------------------------------
     0 | D:1      | bande the Gargoyle Fighter began the quest for the Orb.
     0 | D:1      | Reached XP level 1. HP: 14/14 MP: 1/1
   243 | D:1      | Reached XP level 2. HP: 19/19 MP: 2/2
   360 | D:1      | Gained mutation: You are frail. (-10% HP) [potion of
                  | mutation]
   360 | D:1      | Gained mutation: You are covered in fur. (AC +1) [potion of
                  | mutation]
  1042 | D:2      | Reached XP level 3. HP: 10/20 MP: 3/3
  1570 | D:2      | Reached XP level 4. HP: 23/26 MP: 4/4
  2508 | D:3      | Reached XP level 5. HP: 6/29 MP: 5/5
  2832 | D:3      | Lost mutation: You are frail. (-10% HP) [potion of
                  | mutation]
  2832 | D:3      | Lost mutation: You are covered in fur. (AC +1) [potion of
                  | mutation]
  2832 | D:3      | Gained mutation: Armour fits poorly on your strangely
                  | shaped body. [potion of mutation]
  2832 | D:3      | Gained mutation: You are clumsy. (Dex -2) [potion of
                  | mutation]
  2832 | D:3      | Gained mutation: You tend to lose your temper in combat.
                  | [potion of mutation]
  2832 | D:3      | Gained mutation: Your muscles are strong. (Str +2) [potion
                  | of mutation]
  2975 | D:3      | Found a faded altar of an unknown god.
  3260 | D:3      | Noticed Natasha
  3270 | D:3      | Killed Natasha
  3309 | D:3      | Noticed Natasha
  3322 | D:3      | Killed Natasha
  4144 | D:4      | Reached XP level 6. HP: 21/38 MP: 6/6
  4727 | D:4      | Noticed a black bear
  4740 | D:4      | Killed a black bear
  5296 | D:4      | Found a shimmering altar of Xom.
  5296 | D:4      | Found a shimmering altar of Xom.
  5393 | D:4      | Found a shimmering altar of Xom.
  5393 | D:4      | Found a shimmering altar of Xom.
  5394 | D:4      | Found a shimmering altar of Xom.
  6310 | D:4      | Found a staircase to the Ecumenical Temple.
  6321 | Temple   | Entered the Ecumenical Temple
  6374 | Temple   | Became a worshipper of Warmaster Okawaru
  6429 | D:5      | Entered Level 5 of the Dungeon
  6525 | D:5      | Reached XP level 7. HP: 38/43 MP: 7/7
  6528 | D:5      | Reached skill level 5 in Armour
  7067 | D:5      | Reached skill level 5 in Axes
  7067 | D:5      | Reached skill level 1 in Invocations
  7987 | D:5      | Reached * piety under Okawaru
  7988 | D:5      | Reached XP level 8. HP: 43/48 MP: 9/9
  8321 | D:5      | Reached ** piety under Okawaru
  8718 | D:5      | Reached skill level 5 in Fighting
  9018 | D:6      | Reached skill level 5 in Shields
  9019 | D:6      | Noticed a vampire
  9037 | D:6      | HP: 2/49 [something (9)]
  9037 | D:6      | Mangled by a vampire

Illustrated notes

Levels and vault maps discovered:
D:1:      minmay_arrival_split_and_join, layout_basic
D:2:      cheibrodos_greedy_goblins, layout_basic, minmay_door_square,
          minmay_statues_item
D:3:      layout_loops_cross, chequers_ecumenical_altar_simple,
          skrybe_limestone_x, kennysheep_pointless_box, uniq_natasha
D:4:      layout_basic, xom_redecorated, temple_hall, serial_co_window_serial,
          co_window_paths_a, co_window_corner_a, co_window_paths_a,
          co_window_paths_b, co_window_paths_a, co_window_paths_a,
          co_window_paths_a, co_window_corner_a, co_window_corner_a,
          co_window_cross_2, co_window_paths_c, co_window_broadway_c,
          co_window_unsneaky_path_b, co_window_corner_ca,
          co_window_of_opportunity_c, glass_columns_c, glass_columns_c,
          glass_columns_a, glass_columns_b, glass_columns_a, grunt_ministairs_8
D:5:      corexii_shack_village, layout_basic,
          eino_small_chamber_without_monster
D:6:      hangedman_cross_stitches, layout_rooms, minmay_starry_boxes
Temple:   compressed_dpeg_circular_temple

Skill      XL: |  1  2  3  4  5  6  7  8 |
---------------+-------------------------+-----
Axes           | 2 3 4 5 6 |  6.2
Shields        | 4 5 |  5.0
Armour         | 4 5 6 |  6.2
Fighting       | 4 5 |  5.0
Invocations    | 2 3 |  3.2
Stealth        | |  0.4

Action                   |  1- 3 |  4- 6 |  7- 9 || total
-------------------------+-------+-------+-------++-------
Melee: War axe           |    92 |   274 |   161 ||   527
  Use: Scroll            |     7 |     8 |     1 ||    16
       Potion            |     1 |     2 |     2 ||     5
Armor: Scale mail        |    55 |   143 |    65 ||   263
       Chain mail        |       |       |    47 ||    47
Dodge: Dodged            |    39 |   152 |    92 ||   283
Block: Buckler           |    25 |    85 |    55 ||   165

Table legend: (Time is in decaauts)
 A = Elapsed time spent in this place.
 B = Non-inter-level travel time spent in this place.
 C = Inter-level travel time spent in this place.
 D = Time resting spent in this place.
 E = Time spent auto-exploring this place.
 F = Levels seen in this place.
 G = Mean time per level.
                   A        B        C        D        E       F      G
               +--------+--------+--------+--------+--------+-----+--------+
         Total |   9205 |   9182 |     23 |   3053 |   4581 |   7 | 1315.0 |
       Dungeon |   9119 |   9096 |     23 |   3053 |   4549 |   6 | 1519.8 |
        Temple |     85 |     85 |      0 |      0 |     32 |   1 |   85.0 |
               +--------+--------+--------+--------+--------+-----+--------+

Top non-repeatable levels by time:
     D:4: 2966 daAuts
     D:5: 2138 daAuts
     D:3: 1681 daAuts
     D:2: 1269 daAuts
     D:1: 966 daAuts
     D:6: 96 daAuts
  Temple: 85 daAuts
